ESL (28 & UNDER)
NEWARK BULLDOGS @ MT PLEASANT BEARCATS
08/25/2026
 
TOP OF THE 1ST
Newark Bulldogs batting - Pitching for Mt Pleasant Bearcats : LHP Félix García
Pitching: LHP Félix García
Batting: LHB Gerardo Guzmán 0-0: Ball
1-0: Fly out, F7 (Flyball, 7LS)
Batting: RHB Emílio Salas 0-0: Fly out, F6 (Popup, 6D)
Batting: RHB Randy Simons 0-0: Called Strike
0-1: Called Strike
0-2: Ball
1-2: Strikes out looking
Top of the 1st over - 0 run(s), 0 hit(s), 0 error(s), 0 left on base; Newark 0 - Mt Pleasant 0
BOTTOM OF THE 1ST
Mt Pleasant Bearcats batting - Pitching for Newark Bulldogs : RHP Jesús Martínez
Pitching: RHP Jesús Martínez
Batting: RHB Patrick Potts 0-0: Ball
1-0: Called Strike
1-1: SINGLE (Groundball, 34D)
Batting: RHB Ichizo Akiyama 0-0: Called Strike
0-1: Ball
1-1: Foul Ball, location: 2F
1-2: Ball
2-2: Foul Ball, location: 2F
2-2: Ball
3-2: Fly out, F3 (Popup, 3F)
Batting: LHB Robert Moore 0-0: Ball
1-0: Called Strike
1-1: SINGLE (Line Drive, 9LS)
Patrick Potts to second
Runner from 2nd tries for 3rd, SAFE, throw made to third
Batting: SHB Roberto Rivera 0-0: Called Strike
0-1: Called Strike
0-2: SINGLE (Line Drive, 9S)
Patrick Potts scores
Robert Moore to second
Runner from 2nd tries for 3rd, OUT!
Batting: RHB Pat Fernández 0-0: Ball
1-0: Ball
2-0: Ball
3-0: Called Strike
3-1: Base on Balls
Roberto Rivera to second
Batting: RHB Ricardo Salazar 0-0: Called Strike
0-1: Called Strike
0-2: Ball
1-2: Ball
2-2: Strikes out swinging
Bottom of the 1st over - 1 run(s), 3 hit(s), 0 error(s), 2 left on base; Newark 0 - Mt Pleasant 1
TOP OF THE 2ND
Newark Bulldogs batting - Pitching for Mt Pleasant Bearcats : LHP Félix García
Batting: RHB Perry Henry 0-0: Called Strike
0-1: Foul Ball, location: 2F
0-2: Strikes out swinging
Batting: LHB Marvin Morris 0-0: Called Strike
0-1: Ball
1-1: Fly out, F8 (Flyball, 8LD)
Batting: LHB Owen Moreno 0-0: Fly out, F7 (Flyball, 7D)
Top of the 2nd over - 0 run(s), 0 hit(s), 0 error(s), 0 left on base; Newark 0 - Mt Pleasant 1
BOTTOM OF THE 2ND
Mt Pleasant Bearcats batting - Pitching for Newark Bulldogs : RHP Jesús Martínez
Batting: RHB Irving Galloway 0-0: Ball
1-0: Ground out 4-3 (Groundball, 4M)
Batting: RHB Jeffrey Hicks 0-0: Swinging Strike
0-1: Bunted foul
0-2: Foul Ball, location: 2F
0-2: Foul Ball, location: 2F
0-2: Ball
1-2: SINGLE (Line Drive, 4MD)
Batting: RHB Roberto Martínez 0-0: Called Strike
0-1: Ball
1-1: Ball
2-1: Fly out, F8 (Flyball, 8RM)
Batting: RHB Patrick Potts 0-0: Called Strike
0-1: Foul Ball, location: 2F
0-2: Ball
1-2: Strikes out looking
Bottom of the 2nd over - 0 run(s), 1 hit(s), 0 error(s), 1 left on base; Newark 0 - Mt Pleasant 1
TOP OF THE 3RD
Newark Bulldogs batting - Pitching for Mt Pleasant Bearcats : LHP Félix García
Batting: RHB Jason Smith 0-0: Ball
1-0: Called Strike
1-1: Ball
2-1: SINGLE (Flyball, 89S)
Batting: RHB António Flores 0-0: Ball
1-0: Called Strike
1-1: Ball
2-1: Grounds into double play, 6-4-3 (Groundball, 6)
Batting: RHB Pablo Gómez 0-0: Called Strike
0-1: Ball
1-1: Ball
2-1: Foul Ball, location: 2F
2-2: Ball
3-2: Ground out 1-3 (Groundball, 15)
Top of the 3rd over - 0 run(s), 1 hit(s), 0 error(s), 0 left on base; Newark 0 - Mt Pleasant 1
BOTTOM OF THE 3RD
Mt Pleasant Bearcats batting - Pitching for Newark Bulldogs : RHP Jesús Martínez
Batting: RHB Ichizo Akiyama 0-0: Called Strike
0-1: Ball
1-1: Ground out 6-3 (Groundball, 6M)
Batting: LHB Robert Moore 0-0: Ball
1-0: Ball
2-0: Foul Ball, location: 2F
2-1: Foul Ball, location: 2F
2-2: Strikes out looking
Batting: SHB Roberto Rivera 0-0: Ball
1-0: Ball
2-0: Called Strike
2-1: Called Strike
2-2: Ball
3-2: Foul Ball, location: 2F
3-2: Base on Balls
Batting: RHB Pat Fernández 0-0: Swinging Strike
0-1: Swinging Strike
0-2: Strikes out swinging
Bottom of the 3rd over - 0 run(s), 0 hit(s), 0 error(s), 1 left on base; Newark 0 - Mt Pleasant 1
TOP OF THE 4TH
Newark Bulldogs batting - Pitching for Mt Pleasant Bearcats : LHP Félix García
Batting: LHB Gerardo Guzmán 0-0: Foul Ball, location: 2F
0-1: Swinging Strike
0-2: Hit by Pitch
Batting: RHB Emílio Salas 0-0: Swinging Strike
0-1: Foul Ball, location: 2F
0-2: Ball
1-2: Grounds into double play, 5-4-3 (Groundball, 5)
Batting: RHB Randy Simons 0-0: Foul Ball, location: 2F
0-1: Ball
1-1: Ball
2-1: Ball
3-1: Foul Ball, location: 2F
3-2: Foul Ball, location: 2F
3-2: Base on Balls
Batting: RHB Perry Henry 0-0: Foul Ball, location: 2F
0-1: Ball
1-1: Ball
2-1: Swinging Strike
2-2: Fly out, F3 (Popup, 3DF)
Top of the 4th over - 0 run(s), 0 hit(s), 0 error(s), 1 left on base; Newark 0 - Mt Pleasant 1
BOTTOM OF THE 4TH
Mt Pleasant Bearcats batting - Pitching for Newark Bulldogs : RHP Jesús Martínez
Batting: RHB Ricardo Salazar 0-0: Swinging Strike
0-1: Foul Ball, location: 2F
0-2: Ball
1-2: Ball
2-2: Foul Ball, location: 2F
2-2: SINGLE (Line Drive, 34D)
Batting: RHB Irving Galloway 0-0: Ball
1-0: Ball
2-0: Ball
3-0: Base on Balls
Ricardo Salazar to second
Batting: RHB Jeffrey Hicks 0-0: Called Strike
0-1: Foul Ball, location: 2F
0-2: Ball
1-2: Ball
2-2: Strikes out looking
Batting: RHB Roberto Martínez 0-0: Ball
1-0: Foul Ball, location: 2F
1-1: Ball
2-1: Fly out, F3 (Popup, 23F)
Batting: RHB Patrick Potts 0-0: SINGLE (Line Drive, 78S)
Ricardo Salazar to third
Irving Galloway to second
Runner from 3rd tries for Home, SAFE, throw made at trailing runner, SAFE at third!
Batting: RHB Ichizo Akiyama 0-0: Ball
1-0: Foul Ball, location: 2F
1-1: Foul Ball, location: 2F
1-2: Ball
Patrick Potts steals 2nd base
2-2: Ball
3-2: Base on Balls
Batting: LHB Robert Moore 0-0: Foul Ball, location: 2F
0-1: Ball
1-1: Ball
2-1: Ball
3-1: Called Strike
3-2: Foul Ball, location: 2F
3-2: Foul Ball, location: 2F
3-2: TRIPLE (Flyball, 89D)
Irving Galloway scores
Patrick Potts scores
Ichizo Akiyama scores
Batting: SHB Roberto Rivera 0-0: Ball
1-0: Ball
2-0: Foul Ball, location: 2F
2-1: 2-RUN HOME RUN (Flyball, 9D), Distance : 390 ft
Batting: RHB Pat Fernández 0-0: Ball
1-0: Ball
2-0: Ball
3-0: Base on Balls
Pitching: RHP José Gonzáles
Batting: RHB Ricardo Salazar 0-0: Called Strike
0-1: SINGLE (Line Drive, 8LS)
Pat Fernández to second
Batting: RHB Irving Galloway 0-0: Ball
1-0: Called Strike
1-1: Ground out 4-3 (Groundball, 4)
Bottom of the 4th over - 6 run(s), 5 hit(s), 0 error(s), 2 left on base; Newark 0 - Mt Pleasant 7
TOP OF THE 5TH
Newark Bulldogs batting - Pitching for Mt Pleasant Bearcats : LHP Félix García
Batting: LHB Marvin Morris 0-0: Swinging Strike
0-1: Called Strike
0-2: Strikes out looking
Batting: LHB Owen Moreno 0-0: Ball
1-0: Called Strike
1-1: Ground out U3 (Groundball, 3)
Batting: RHB Jason Smith 0-0: Ball
1-0: Called Strike
1-1: Foul Ball, location: 2F
1-2: Ball
2-2: Strikes out swinging
Top of the 5th over - 0 run(s), 0 hit(s), 0 error(s), 0 left on base; Newark 0 - Mt Pleasant 7
BOTTOM OF THE 5TH
Mt Pleasant Bearcats batting - Pitching for Newark Bulldogs : RHP José Gonzáles
Batting: RHB Jeffrey Hicks 0-0: Called Strike
0-1: Foul Ball, location: 2F
0-2: Fly out, F8 (Flyball, 8RM)
Batting: RHB Roberto Martínez 0-0: Ground out 4-3 (Groundball, 4M)
Batting: RHB Patrick Potts 0-0: Called Strike
0-1: Fly out, F8 (Flyball, 8RXD)
Bottom of the 5th over - 0 run(s), 0 hit(s), 0 error(s), 0 left on base; Newark 0 - Mt Pleasant 7
TOP OF THE 6TH
Newark Bulldogs batting - Pitching for Mt Pleasant Bearcats : LHP Félix García
Batting: RHB António Flores 0-0: Called Strike
0-1: Foul Ball, location: 2F
0-2: Strikes out swinging
Batting: RHB Pablo Gómez 0-0: Ball
1-0: Called Strike
1-1: Fly out, F7 (Flyball, 78D)
Batting: LHB Gerardo Guzmán 0-0: Ball
1-0: Ball
2-0: Foul Ball, location: 2F
2-1: Called Strike
2-2: SINGLE (Line Drive, 89S)
Batting: RHB Emílio Salas 0-0: Ball
1-0: Fly out, F9 (Flyball, 9M)
Top of the 6th over - 0 run(s), 1 hit(s), 0 error(s), 1 left on base; Newark 0 - Mt Pleasant 7
BOTTOM OF THE 6TH
Mt Pleasant Bearcats batting - Pitching for Newark Bulldogs : RHP José Gonzáles
Batting: RHB Ichizo Akiyama 0-0: Called Strike
0-1: Ball
1-1: Ball
2-1: Ball
3-1: Swinging Strike
3-2: Foul Ball, location: 2F
3-2: Strikes out swinging
Batting: LHB Robert Moore 0-0: Called Strike
0-1: Foul Ball, location: 2F
0-2: Ball
1-2: Ball
2-2: Ball
3-2: Ground out 4-3 (Groundball, 4)
Batting: SHB Roberto Rivera 0-0: Ball
1-0: Ball
2-0: Fly out, F5 (Popup, 56S)
Bottom of the 6th over - 0 run(s), 0 hit(s), 0 error(s), 0 left on base; Newark 0 - Mt Pleasant 7
TOP OF THE 7TH
Newark Bulldogs batting - Pitching for Mt Pleasant Bearcats : LHP Félix García
Batting: RHB Randy Simons 0-0: Ball
1-0: DOUBLE (Groundball, 5L)
Batting: RHB Perry Henry 0-0: Ball
1-0: Foul Ball, location: 2F
1-1: Foul Ball, location: 2F
1-2: Strikes out swinging
Batting: LHB Marvin Morris 0-0: Ball
1-0: Called Strike
1-1: Swinging Strike
1-2: Foul Ball, location: 2F
1-2: Foul Ball, location: 2F
1-2: Foul Ball, location: 2F
1-2: Foul Ball, location: 2F
1-2: Ball
2-2: Fly out, F8 (Flyball, 8RD)
Runner from 2nd tags up, SAFE at 3rd, no throw
Pitching: RHP Carlos Mendoza
Batting: LHB Owen Moreno 0-0: Ball
1-0: Swinging Strike
1-1: Foul Ball, location: 2F
1-2: Ball
2-2: SINGLE (Groundball, 6M)
Randy Simons scores
Batting: RHB Jason Smith 0-0: Called Strike
0-1: Ball
1-1: Ball
2-1: Fly out, F9 (Flyball, 9D)
Top of the 7th over - 1 run(s), 2 hit(s), 0 error(s), 1 left on base; Newark 1 - Mt Pleasant 7
BOTTOM OF THE 7TH
Mt Pleasant Bearcats batting - Pitching for Newark Bulldogs : RHP José Gonzáles
Pitching: RHP Jim Cook
Batting: RHB Pat Fernández 0-0: Ball
1-0: Fly out, F7 (Flyball, 7S)
Batting: RHB Ricardo Salazar 0-0: Ball
1-0: SINGLE (Flyball, 9S)
Batting: RHB Irving Galloway 0-0: Called Strike
0-1: Ball
1-1: Ball
2-1: Fly out, F7 (Flyball, 78D)
Batting: RHB Jeffrey Hicks 0-0: Ball
1-0: Called Strike
1-1: SINGLE (Groundball, 34S)
Ricardo Salazar to second
Runner from 2nd tries for 3rd, SAFE, no throw or cutoff
Batting: RHB Roberto Martínez 0-0: Ground out 5-3 (Groundball, 56S)
Bottom of the 7th over - 0 run(s), 2 hit(s), 0 error(s), 2 left on base; Newark 1 - Mt Pleasant 7
TOP OF THE 8TH
Newark Bulldogs batting - Pitching for Mt Pleasant Bearcats : RHP Carlos Mendoza
Now in LF: Carlos Luna
Batting: RHB António Flores 0-0: Foul Ball, location: 2F
0-1: Ball
1-1: Ground out 6-3 (Groundball, 6)
Batting: RHB Pablo Gómez 0-0: Called Strike
0-1: Foul Ball, location: 2F
0-2: Ball
1-2: Ball
2-2: Strikes out looking
Batting: LHB Gerardo Guzmán 0-0: Ball
1-0: Called Strike
1-1: Foul Ball, location: 2F
1-2: Ball
2-2: Strikes out looking
Top of the 8th over - 0 run(s), 0 hit(s), 0 error(s), 0 left on base; Newark 1 - Mt Pleasant 7
BOTTOM OF THE 8TH
Mt Pleasant Bearcats batting - Pitching for Newark Bulldogs : RHP Jesús Salazar
Pitching: RHP Jesús Salazar
Batting: RHB Patrick Potts 0-0: Foul Ball, location: 2F
0-1: Ball
1-1: Swinging Strike
1-2: Ground out 1-3 (Groundball, 25)
Batting: RHB Ichizo Akiyama 0-0: Ball
1-0: Ball
2-0: Ball
3-0: Base on Balls
Batting: LHB Robert Moore 0-0: Called Strike
Ichizo Akiyama is caught stealing 2nd base
0-1: Fly out, F5 (Popup, 5)
Bottom of the 8th over - 0 run(s), 0 hit(s), 0 error(s), 0 left on base; Newark 1 - Mt Pleasant 7
TOP OF THE 9TH
Newark Bulldogs batting - Pitching for Mt Pleasant Bearcats : RHP Carlos Mendoza
Batting: RHB Emílio Salas 0-0: Called Strike
0-1: Ball
1-1: Hit by Pitch
Batting: RHB Randy Simons 0-0: Called Strike
0-1: Grounds into double play, 5-4-3 (Groundball, 5L)
Batting: RHB Perry Henry 0-0: Foul Ball, location: 2F
0-1: SINGLE (Groundball, 15S) (infield hit)
Batting: LHB Marvin Morris 0-0: Ball
1-0: Ball
2-0: Ball
3-0: Called Strike
3-1: Base on Balls
Perry Henry to second
Batting: LHB Owen Moreno 0-0: Called Strike
0-1: Ground out 6-3 (Groundball, 6)
Top of the 9th over - 0 run(s), 1 hit(s), 0 error(s), 2 left on base; Newark 1 - Mt Pleasant 7
Monday, December 5th, 2016 - OOTP Baseball 17.12 Build 75